 Dungeon Crawl Stone Soup version 0.30-a0-339-g89bb51ec76 (webtiles) character file.

Game seed: 7446846397362415701

24120 Wintance the Peltast (level 13, -9/98 (103) HPs)
             Began as a Formicid Fighter on Oct 30, 2022.
             Was a Priest of Ru.
             Mangled by a seven-headed hydra (11 damage)
             ... on level 3 of the Lair of Beasts on Oct 31, 2022.
             The game lasted 01:23:49 (12124 turns).

Wintance the Peltast (Formicid Fighter)            Turns: 12124, Time: 01:23:50

HP:   -9/98 (103)   AC: 11    Str: 23    XL:     13   Next: 40%
MP:   23/23         EV: 13    Int:  7    God:    Ru [***...]
Gold: 568           SH: 22    Dex: 17    Spells: 24/26 levels left

rFire   + . .      SeeInvis +    a - +0 quarterstaff
rCold   + + .      Faith    .    W - +3 tower shield {rC+}
rNeg    . . .      Spirit   .    j - +1 ring mail {rC+}
rPois   .          Reflect  .    (helmet unavailable)
rElec   .          Harm     .    c - +0 cloak
rCorr   .          Rampage  +    (no gloves)
Will    +....                    V - +0 pair of boots {rampage}
Stlth   ..........               D - amulet of regeneration
HPRegen 1.16/turn                O - +4 ring of evasion
MPRegen 0.18/turn                U - ring of protection from fire

@: exhausted, lightly drained, unable to read, very slow
A: permanent stasis, dig shafts and tunnels, antennae 3, inability to read after
injury 2, no stealth, disrupted magic 2, four strong arms
a: Dig, Shaft Self, Renounce Religion, Draw Out Power


You were on level 3 of the Lair of Beasts.
You worshipped Ru.
Ru was most pleased with you.
You visited 3 branches of the dungeon, and saw 15 of its levels.
You also visited: Sewer.

You collected 1018 gold pieces.
You spent 450 gold pieces at shops.

Inventory:

Hand Weapons
 a - a +0 quarterstaff (weapon)
 e - a +0 shortbow
 x - a +1 vorpal war axe
 A - the +8 hand axe of Pestilence {freeze, rF+}
   (You found it on level 3 of the Dungeon)

   It freezes those it strikes, dealing additional cold damage.
   It can also slow down cold-blooded creatures.
   rF:        It protects you from fire.
Missiles
 f - 3 silver boomerangs
 n - 11 poisoned darts (quivered)
 N - 8 curare-tipped darts
 P - 4 throwing nets
 Z - 6 boomerangs
Armour
 c - a +0 cloak (worn)
 j - a +1 ring mail of cold resistance (worn)
 V - a +0 pair of boots of rampaging (worn)
 W - a +3 tower shield of cold resistance (worn)
Jewellery
 t - a ring of flight
 y - a ring of positive energy
 C - a ring of positive energy
 D - an amulet of regeneration (around neck)
 G - an amulet of the acrobat
 O - a +4 ring of evasion (left hand)
 U - a ring of protection from fire (right hand)
 X - a ring of protection from fire
Wands
 m - a wand of polymorph (21)
 p - a wand of flame (11)
 L - a wand of roots (16)
 Q - a wand of paralysis (6)
 T - a wand of digging (6)
Scrolls
 b - 2 scrolls of immolation
 g - 3 scrolls of magic mapping
 h - 2 scrolls of enchant weapon
 i - 3 scrolls of fog
 l - a scroll of vulnerability
 o - 3 scrolls of identify
 u - 3 scrolls of enchant armour
 E - 5 scrolls of poison
 H - 3 scrolls of amnesia
 I - 2 scrolls of summoning
 J - a scroll of fear
 M - a scroll of brand weapon
 R - a scroll of silence
Potions
 d - 4 potions of might
 q - 3 potions of mutation
 r - 2 potions of invisibility
 s - 5 potions of brilliance
 v - 6 potions of flight
 z - a potion of magic
 B - 9 potions of curing
 F - a potion of attraction
 K - 2 potions of cancellation
Miscellaneous
 k - a phial of floods (inert)


   Skills:
 - Level 10.0 Fighting
 + Level 9.5 Axes
 - Level 5.0 Staves
 - Level 10.0 Armour
 - Level 15.0 Shields
 + Level 7.2 Spellcasting
 + Level 7.2 Transmutations


You had 24 spell levels left.
You knew the following spells:

 Your Spells              Type           Power      Damage    Failure   Level
a - Wereblood             Tmut           12%        N/A       16%         2

Your spell library contained the following spells:

 Spells                   Type           Power      Damage    Failure   Level
 Passwall                 Tmut/Erth      5%         N/A       47%         2
 Apportation              Tloc           4%         N/A       80%         1
 Magic Dart               Conj           8%         1d3       80%         1
 Sandblast                Erth           4%         2d4       80%         1
 Shock                    Conj/Air       8%         1d3       80%         1
 Blade Hands              Tmut           6%         N/A       88%         5
 Call Imp                 Summ           2%         N/A       90%         2
 Sublimation of Blood     Necr           2%         N/A       90%         2
 Mephitic Cloud           Conj/Pois/Air  2%         N/A       98%         3
 Portal Projectile        Hex/Tloc       4%         N/A       98%         3
 Stone Arrow              Conj/Erth      4%         3d7       98%         3
 Tukima's Dance           Hex            2%         N/A       98%         3
 Airstrike                Air            1%         2d(1-17)  100%        4
 Olgreb's Toxic Radiance  Pois           2%         N/A       100%        4
 Alistair's Intoxication  Tmut/Pois      4%         N/A       100%        5
 Malign Gateway           Summ/Tloc      1%         N/A       100%        7
 Ozocubu's Refrigeration  Ice            1%         4d7       100%        7
 Summon Hydra             Summ           1%         N/A       100%        7
 Ignition                 Fire           1%         3d3       100%        8
 Summon Horrible Things   Summ           1%         N/A       100%        8
 Swiftness                Air            Unusable   N/A       N/A         3

Dungeon Overview and Level Annotations

Branches:
Dungeon (11/15)            Temple (1/1) D:5            Lair (3/5) D:8
 Shoals (0/4) Lair:2       Spider (0/4) Lair:2          Orc (0/2) D:10
  Sewer (visited)

Altars:
Ashenzari
Cheibriados
Dithmenos
Elyvilon
Fedhas
Gozag
Hepliaklqana
Kikubaaqudgha
Makhleb
Nemelex Xobeh
Okawaru
Qazlal
Ru
Sif Muna
Trog
Uskayaw
Vehumet
Wu Jian
Xom
Yredelemnul
Zin
The Shining One

Shops:
D:4 (   D:8 [   D:9 (   D:10 [

Annotations:
Lair:2 2 transporters, GrimJard's ghost, journeyman DrCj


Innate Abilities, Weirdness & Mutations

You cannot be hasted, slowed, berserked, paralysed or teleported.
You can dig through walls and to a lower floor.
You have a pair of large antennae on your head. (SInv)
You sometimes lose the ability to read scrolls when taking damage.
You cannot be stealthy.
Your casting is disrupted.
Your four strong arms can wield two-handed weapons with a shield.


Message History

The seven-headed hydra completely misses you.
You block the seven-headed hydra's attack.
The seven-headed hydra bites you. The seven-headed hydra misses you.
You block the seven-headed hydra's attack.
The seven-headed hydra closely misses you. x2
The seven-headed hydra bites you.
You block the seven-headed hydra's attack.
The seven-headed hydra bites you.
The seven-headed hydra bites you but does no damage.
The seven-headed hydra closely misses you.
The seven-headed hydra bites you!
* * * LOW HITPOINT WARNING * * *
You completely miss the seven-headed hydra.
The seven-headed hydra is almost dead.
You block the seven-headed hydra's attack. x2
The seven-headed hydra bites you.
* * * LOW HITPOINT WARNING * * *
You block the seven-headed hydra's attack.
The seven-headed hydra bites you.
* * * LOW HITPOINT WARNING * * *
The seven-headed hydra bites you.
* * * LOW HITPOINT WARNING * * *
The seven-headed hydra bites you but does no damage.
Okay, then.
Aim the phial where?
Press: ? - help, Shift-Dir - straight line, f/p - seven-headed hydra
Aim: a seven-headed hydra (almost dead)
The torrent of water hits the seven-headed hydra.
The seven-headed hydra is almost dead.
The wave splashes down.
Splash!
You fall into the shallow water.
Moving in this stuff is going to be slow.
You block the seven-headed hydra's attack. x2
The seven-headed hydra completely misses you.
You block the seven-headed hydra's attack.
The seven-headed hydra bites you!
* * * LOW HITPOINT WARNING * * *
The seven-headed hydra bites you!
You die...

######### ##.~.(..~.##
##...~..~...##
#.~..≈..~..≈.# ##
##..~..~~^.~..##
.#######...########...#
......##..##......#...#
..^...#..##..~~~@..## .
.....##..#..###D##..##.##
.....#..#..##~≈≈{##..#..#
.....#.##?##≈..? ##.##[#
.....#.#).#..#>. #..#.#
.....#.#..#..#P! #..#.#
.....#.##.##≈... ##.##.#
.....#^.#..##.≈≈ ##..#..##
#....##.##.^######..##.#.#


You could see a seven-headed hydra.

Vanquished Creatures
  2 boulder beetles
  Sonja (Lair:3)
  A skeletal warrior (D:8)
  An ugly thing (D:8)
  A manticore (Lair:2)
  6 elephants (Lair:2)
  3 black mambas (Lair:3)
  8 cane toads
  2 kobold demonologists
  2 rime drakes
  3 komodo dragons
  A troll (D:9)
  A wind drake (Lair:2)
  10 blink frogs
  A slime creature (D:8)
  4 jumping spiders (Lair:2)
  2 culicivoras (Lair:2)
  19 yaks
  A wraith (D:8)
  2 wyverns
  4 basilisks
  Eustachio (D:5)
  A steam dragon (D:8)
  2 wargs (D:10)
  2 redbacks (Lair:2)
  An acid dragon (D:8)
  10 water moccasins
  6 orc warriors
  A sky beast (D:7)
  A black bear (D:8)
  2 ice beasts
  3 ogres
  15 wolves
  A centaur (D:6)
  2 kobold brigands
  10 bullfrogs
  2 necrophages
  2 scorpions
  4 killer bees (D:8)
  A howler monkey (D:7)
  7 hounds
  A jelly (D:7)
  6 orc priests
  9 iguanas
  10 orc wizards
  4 hell rats
  4 gnolls
  19 adders
  5 river rats
  3 white imps
  A worm (D:2)
  A dart slug (D:2)
  37 orcs
  10 bats
  9 endoplasms
  6 giant cockroaches
  7 goblins
  6 hobgoblins
  7 jackals
  15 kobolds
  7 quokkas
  16 ball pythons
  6 frilled lizards
  5 rats
343 creatures vanquished.

Vanquished Creatures (others)
  A goblin (D:10)
  13 fungi
  21 plants
35 creatures vanquished.

Grand Total: 378 creatures vanquished

Notes
Turn   | Place    | Note
-------+----------+-------------------------------------------
     0 | D:1      | Wintance the Formicid Fighter began the quest for the Orb.
     0 | D:1      | Reached XP level 1. HP: 18/18 MP: 1/1
   330 | D:1      | Found a faded altar of an unknown god.
   340 | D:1      | Prayed at the altar of an unknown god.
   340 | D:1      | Became a worshipper of Ru the Awakened
   542 | D:1      | Reached XP level 2. HP: 24/24 MP: 2/2
   858 | D:2      | Reached XP level 3. HP: 28/29 MP: 3/3
  1072 | D:2      | Reached XP level 4. HP: 23/37 MP: 4/4
  1728 | D:3      | Reached XP level 5. HP: 35/42 MP: 5/5
  1791 | D:3      | Found a basalt altar of Yredelemnul.
  1859 | D:3      | Identified the +8 hand axe of Pestilence {freeze, rF+}
  2261 | D:4      | Gained mutation: Your casting is slightly disrupted. [Ru
                  | sacrifice]
  2324 | D:4      | Found Paogegaz's Weapon Emporium.
  2418 | D:4      | Reached skill level 1 in Axes
  2418 | D:4      | Reached skill level 5 in Shields
  2418 | D:4      | Reached XP level 6. HP: 48/48 MP: 6/6
  2773 | D:4      | Noticed an ogre
  2781 | D:4      | Killed an ogre
  2782 | D:4      | Reached XP level 7. HP: 40/55 MP: 7/7
  2970 | D:5      | Entered Level 5 of the Dungeon
  3250 | D:5      | Reached skill level 5 in Fighting
  3437 | D:5      | Reached skill level 5 in Armour
  3439 | D:5      | Reached XP level 8. HP: 62/62 MP: 8/8
  3498 | D:5      | Found a staircase to the Ecumenical Temple.
  3525 | Temple   | Entered the Ecumenical Temple
  3635 | D:5      | Reached skill level 5 in Staves
  3643 | D:5      | Reached skill level 5 in Axes
  3684 | D:5      | Noticed Eustachio
  3699 | D:5      | Killed Eustachio
  3796 | D:6      | Found a glowing drain.
  3817 | Sewer    | Entered a sewer
  4448 | D:6      | Found a glowing golden altar of the Shining One.
  4449 | D:6      | Found a shimmering altar of Xom.
  4481 | D:6      | Reached XP level 9. HP: 44/74 MP: 9/9
  4537 | D:6      | Found a radiant altar of Vehumet.
  4537 | D:6      | Found a shimmering blue altar of Sif Muna.
  4855 | D:6      | Learned a level 2 spell: Wereblood
  5014 | D:6      | Reached skill level 1 in Spellcasting
  5014 | D:6      | Reached skill level 1 in Transmutations
  6182 | D:8      | Noticed Joseph
  6195 | D:8      | Found Dyxumuf's Antique Armour Emporium.
  6222 | D:8      | Found a staircase to the Lair.
  6223 | D:8      | Noticed a komodo dragon
  6270 | D:8      | Reached skill level 10 in Fighting
  6279 | D:8      | Reached XP level 10. HP: 82/85 MP: 12/15
  6283 | D:8      | Killed a komodo dragon
  6319 | D:8      | Noticed a purple ugly thing
  6384 | D:8      | Noticed a skeletal warrior
  6413 | D:8      | Killed a skeletal warrior
  6532 | D:8      | Joseph changed into Joseph the black bear
  6532 | D:8      | Noticed Joseph
  6537 | D:8      | Killed Joseph the black bear
  6556 | D:8      | Killed a purple ugly thing
  6645 | D:8      | Bought a pair of embroidered boots for 225 gold pieces
  6645 | D:8      | Bought a shiny tower shield for 225 gold pieces
  6836 | D:8      | Found a stormy altar of Qazlal.
  6838 | D:8      | Found a blossoming altar of Fedhas.
  6844 | D:8      | Found an opulent altar of Gozag.
  7316 | D:9      | Noticed a kobold demonologist
  7332 | D:9      | Killed a kobold demonologist
  7333 | D:9      | Reached skill level 6 in Shields
  7344 | D:9      | Found Jasamukk's Antique Weapon Shop.
  7425 | D:9      | Found a hazy altar of Hepliaklqana.
  7449 | D:9      | Reached XP level 11. HP: 90/90 MP: 17/17
  7767 | D:10     | Entered Level 10 of the Dungeon
  7767 | D:10     | You fall into a shaft and drop 1 floor!
  7782 | D:10     | Reached skill level 7 in Shields
  7932 | D:10     | Reached skill level 5 in Transmutations
  7968 | D:10     | Reached skill level 5 in Spellcasting
  7968 | D:10     | Gained mutation: You cannot be stealthy. [Ru sacrifice]
  7968 | D:10     | Reached * piety under Ru
  7983 | D:10     | Reached skill level 10 in Armour
  7983 | D:10     | Reached skill level 8 in Shields
  8057 | D:10     | Found Qyuleck's Armour Emporium.
  8083 | D:10     | Reached skill level 9 in Shields
  8267 | D:10     | Reached skill level 10 in Shields
  8272 | D:10     | Found a staircase to the Orcish Mines.
  8666 | Lair:1   | Entered Level 1 of the Lair of Beasts
  8808 | Lair:1   | Reached skill level 11 in Shields
  9136 | Lair:1   | Reached skill level 12 in Shields
  9615 | Lair:1   | Reached skill level 13 in Shields
  9615 | Lair:1   | Reached XP level 12. HP: 94/97 MP: 19/19
  9638 | Lair:1   | Noticed a boulder beetle
  9654 | Lair:1   | Killed a boulder beetle
  9790 | Lair:2   | Noticed GrimJard's ghost (journeyman DrCj)
  9822 | Lair:2   | Reached skill level 14 in Shields
 10050 | Lair:2   | Gained mutation: You occasionally lose the ability to read
                  | scrolls when taking damage. [Ru sacrifice]
 10050 | Lair:2   | Gained mutation: You sometimes lose the ability to read
                  | scrolls when taking damage. [Ru sacrifice]
 10050 | Lair:2   | Reached ** piety under Ru
 10058 | Lair:2   | Found a hole to the Spider Nest.
 10118 | Lair:2   | Reached skill level 15 in Shields
 10503 | Lair:2   | Found a transporter.
 10505 | Lair:2   | Found a transporter.
 10680 | Lair:2   | Found a staircase to the Shoals.
 11060 | Lair:3   | Noticed Sonja
 11271 | Lair:3   | Reached XP level 13. HP: 79/103 MP: 22/22
 11506 | Lair:3   | Killed Sonja
 11835 | Lair:3   | Upgraded the game from 0.30-a0-335-ge5acde7520 to
                  | 0.30-a0-339-g89bb51ec76
 11910 | Lair:3   | Gained mutation: Your casting is disrupted. [Ru sacrifice]
 11910 | Lair:3   | Reached *** piety under Ru
 12106 | Lair:3   | Noticed a seven-headed hydra
 12124 | Lair:3   | HP: 2/98 [seven-headed hydra (11)]
 12124 | Lair:3   | Mangled by a seven-headed hydra

Illustrated notes

Levels and vault maps discovered:
D:1:      matt_arrival_refuge, layout_basic, chequers_ecumenical_altar_simple
D:2:      kb_forest_paths, layout_loops_ring, st_stairs_13
D:3:      layout_rooms, yredelemnul_altar_generic, st_stairs_11
D:4:      layout_gridville, serial_shops, nicolae_shop_bloodbath_and_beyond,
          kennysheep_pointless_box
D:5:      layout_basic, minmay_temple_entry_gardened_gates,
          minmay_joined_circles, uniq_eustachio
D:6:      layout_layer_cave, gammafunk_temple_overflow_pools,
          jmf_multi_god_temple, portal_sewer_entry_c
D:7:      layout_gridville
D:8:      layout_loops_cross, nicolae_overflow_hidden_temple,
          david_lair_shrubbed, serial_shops, nicolae_shop_waterfront,
          minmay_shattered_shrine, uniq_joseph
D:9:      layout_cave_pools, mainiacjoe_overflow_boulevard, serial_shops,
          shop_coins, chequers_jeans
D:10:     layout_loops_ring, erik_orc_3, serial_shops, shop
D:11:     layout_stronghold, nicolae_transporter_circle, uniq_gastronok,
          uniq_urug, uniq_amaemon
Temple:   dshaligram_water_room_temple
Lair:1:   layout_cave_pods
Lair:2:   layout_chaotic_city, minmay_shoals_entry_beasts,
          nicolae_spider_entry_tight_spaces, gammafunk_ghost_hive
Lair:3:   lemuel_reptile_caves, layout_small_grid, nzn_random_ring, uniq_sonja

Skill      XL: |  1  2  3  4  5  6  7  8  9 10 11 12 13 |
---------------+----------------------------------------+-----
Staves         | 3 4 5 |  5.0
Fighting       | 4 5 8 10 | 10.0
Armour         | 4 5 9 10 | 10.0
Axes           | 1 2 4 5 6 9 |  9.5
Shields        | 5 6 13 15 | 15.0
Spellcasting   | 3 4 5 6 7 |  7.2
Transmutations | 3 4 5 6 7 |  7.2

Action                   |  1- 3 |  4- 6 |  7- 9 | 10-12 | 13-15 || total
-------------------------+-------+-------+-------+-------+-------++-------
Melee: Quarterstaff      |    50 |    57 |       |       |    10 ||   117
       Hand axe          |       |    54 |   274 |   578 |   139 ||  1045
Throw: Dart              |       |     5 |    23 |   106 |    27 ||   161
 Cast: Wereblood         |       |       |     1 |     3 |     5 ||     9
Invok: Reject Sacrifices |     1 |       |       |       |       ||     1
       Sacrifice Essence |       |     1 |       |       |     1 ||     2
       Sacrifice Stealth |       |       |       |     1 |       ||     1
       Sacrifice Words   |       |       |       |     1 |       ||     1
       Draw Out Power    |       |       |       |       |     1 ||     1
 Abil: Dig               |       |     1 |       |     2 |     1 ||     4
Evoke: Wand              |       |       |     7 |     7 |     2 ||    16
       Phial of floods   |       |       |       |       |     1 ||     1
  Use: Potion            |       |       |     5 |     1 |     2 ||     8
       Scroll            |       |       |       |    21 |       ||    21
 Stab: Paralysed         |       |       |     8 |     2 |       ||    10
       Distracted        |       |       |       |     2 |       ||     2
       Invisible         |       |       |       |     1 |       ||     1
Armor: Ring mail         |     8 |    45 |    84 |    90 |    38 ||   265
       Scale mail        |     1 |       |       |       |       ||     1
       Skin              |       |       |     2 |     7 |       ||     9
Dodge: Dodged            |    14 |    49 |   116 |   152 |    47 ||   378
Block: Buckler           |    12 |    28 |    65 |    11 |       ||   116
       Tower shield      |       |       |       |   557 |   174 ||   731

Table legend: (Time is in decaauts)
 A = Elapsed time spent in this place.
 B = Non-inter-level travel time spent in this place.
 C = Inter-level travel time spent in this place.
 D = Time resting spent in this place.
 E = Time spent auto-exploring this place.
 F = Levels seen in this place.
 G = Mean time per level.
                   A        B        C        D        E       F      G
               +--------+--------+--------+--------+--------+-----+--------+
         Total |  12510 |  12179 |    331 |    927 |   3258 |  16 |  781.9 |
       Dungeon |   8151 |   7883 |    268 |    484 |   2277 |  11 |  741.0 |
        Temple |     71 |     71 |      0 |      0 |     17 |   1 |   71.0 |
          Lair |   3553 |   3490 |     63 |    443 |    638 |   3 | 1184.3 |
         Sewer |    734 |    734 |      0 |      0 |    326 |   1 |  734.0 |
               +--------+--------+--------+--------+--------+-----+--------+

Top non-repeatable levels by time:
  Lair:2: 1405 daAuts
     D:6: 1172 daAuts
     D:8: 1163 daAuts
  Lair:1: 1145 daAuts
  Lair:3: 1001 daAuts
     D:2: 887 daAuts
    D:10: 871 daAuts
     D:1: 846 daAuts
     D:4: 819 daAuts
   Sewer: 734 daAuts
     D:7: 718 daAuts
     D:5: 712 daAuts
     D:9: 500 daAuts
     D:3: 454 daAuts
  Temple: 71 daAuts
